AoeStats
← Murph0uake

Black Forest

508836499Analyzed
4v4 RM · 7d ago on Sep 24, 2026· 57m 26s· 8 players
Game mode
Random Map
Map size
Large (8 player)
Population
200
Speed
Normal
Resources
Standard
Victory
Conquest
Starting age
Dark Age
Ending age
Imperial Age
RankedLock teamsTeams togetherTeam positionsShared explorationLock speedFull tech treeHidden civsTurbo modeCheats
Victory
Defeat
🇦🇺 Khmer · Australia
849
+14
🇦🇺 Berbers · Australia
811
+15
🇦🇺 Huns · Australia
782
+17
🇦🇺 Inca · Australia
772
+17
🇬🇧 Varangians · United Kingdom
871
-19
🇬🇧 Bulgarians · United Kingdom
791
-15
🇨🇦 Spanish · Canada
769
-15
🇪🇸 Mongols · Spain
754
-14
Peasantz
12:06 Feudal Age
10:21 Loom
17:53 Castle Age
16:15 Double-Bit Axe
16:12 Horse Collar
20:05 Bow Saw
21:16 Wheelbarrow
20:34 Gold Mining
20:49 Heavy Plow
24:57 Hand Cart
28:53 Forging
28:48 Scale Barding Armor
31:23 Imperial Age
29:01 Scale Barding Armor
29:37 Town Watch
30:31 Stone Mining
31:07 Bloodlines
30:58 Husbandry
30:24 Light Cavalry
31:27 Fletching
31:38 Padded Archer Armor
31:55 Forging
33:25 Chemistry
32:45 Ballistics
32:12 Cavalier
33:39 Bodkin Arrow
34:07 Hussar
38:35 Elite Camel Archer
39:55 Heavy Camel Rider
41:00 Chain Barding Armor
41:16 Iron Casting
40:41 Bracer
52:08 Plate Barding Armor
51:49 Leather Archer Armor
52:34 Blast Furnace
TornadoTittyTwister
12:25 Feudal Age
16:42 Castle Age
15:31 Double-Bit Axe
15:36 Fishing Lines
18:46 Bow Saw
19:32 Wheelbarrow
20:05 Horse Collar
20:45 Stone Mining
22:35 Gillnets
24:03 Gold Mining
25:31 Gold Shaft Mining
25:51 Loom
27:11 Hand Cart
27:26 Heavy Plow
31:30 Imperial Age
29:55 Caravan
32:43 Conscription
32:43 Siege Engineers
32:49 Scale Barding Armor
32:54 Forging
32:53 Husbandry
33:04 Bloodlines
32:58 Tusk Swords
33:42 Crop Rotation
33:57 Devotion
35:02 Double Crossbow
36:11 Chain Barding Armor
36:27 Iron Casting
35:33 Heavy Scorpion
37:04 Elite Battle Elephant
38:46 Town Watch
39:27 Faith
48:45 Blast Furnace
48:20 Plate Barding Armor
48:08 Ballistics
48:49 Chemistry
53:48 Murder Holes
ShadowVY
11:19 Feudal Age
12:47 Double-Bit Axe
15:27 Horse Collar
22:43 Castle Age
21:16 Champi Runner
23:10 Crossbowman
24:55 Forging
24:12 Champi Warrior
26:22 Squires
27:00 Iron Casting
30:43 Fletching
31:55 Andean Sling
33:10 Heavy Plow
35:58 Imperial Age
35:27 Caravan
36:47 Wheelbarrow
36:37 Padded Archer Armor
39:06 Crop Rotation
39:04 Bow Saw
38:45 Gold Mining
40:14 Hand Cart
41:44 Blast Furnace
40:45 Scale Mail Armor
41:49 Thumb Ring
41:08 Arbalester
41:11 Elite Skirmisher
44:09 Ballistics
44:51 Chemistry
45:21 Pikeman
49:00 Chain Mail Armor
49:49 Halberdier
51:51 Plate Mail Armor
56:22 Bodkin Arrow
56:28 Padded Archer Armor
56:52 Fabric Shields
Phở
13:04 Feudal Age
21:46 Castle Age
19:55 Gold Mining
19:53 Double-Bit Axe
19:51 Horse Collar
21:56 Wheelbarrow
23:42 Caravan
27:33 Bow Saw
28:03 Gold Shaft Mining
30:23 Forging
30:20 Scale Barding Armor
35:46 Imperial Age
34:49 Hand Cart
38:16 Heavy Plow
38:32 Forging
38:27 Scale Barding Armor
41:32 Chain Barding Armor
41:47 Iron Casting
43:19 Conscription
43:52 Husbandry
44:02 Bloodlines
46:35 Elite Tarkan
Murph0uake
2:44 Loom
12:21 Feudal Age
16:56 Castle Age
15:17 Double-Bit Axe
15:18 Horse Collar
22:25 Wheelbarrow
24:51 Fishing Lines
25:45 Gillnets
26:53 Bow Saw
29:38 Hand Cart
31:56 Imperial Age
30:16 Town Watch
33:20 Forging
34:24 Two-Man Saw
33:30 Scale Barding Armor
33:45 Bloodlines
33:36 Husbandry
33:38 Elite Jarl
34:44 Conscription
33:53 Gothikon
34:24 Treadmill Crane
35:44 Chemistry
34:50 Siege Engineers
35:07 Ballistics
35:28 Iron Casting
35:17 Chain Barding Armor
35:45 Capped Ram
36:52 Town Patrol
38:01 Plate Barding Armor
38:28 Blast Furnace
37:32 Scale Mail Armor
36:57 Elite Varangian Guard
37:39 Light Cavalry
38:39 Siege Ram
39:09 Hussar
40:12 Chain Mail Armor
39:49 Fletching
40:00 Padded Archer Armor
39:40 Pikeman
40:21 Squires
40:09 Arson
41:47 Halberdier
43:10 Plate Mail Armor
42:38 Bodkin Arrow
42:58 Leather Archer Armor
ISpillTheCoffee
0:30 Loom
13:42 Feudal Age
16:01 Town Watch
19:38 Castle Age
18:31 Fishing Lines
18:33 Horse Collar
18:47 Stone Mining
18:47 Gold Mining
19:13 Gold Mining
23:00 Gillnets
24:09 Heavy Plow
28:47 Wheelbarrow
28:01 Double-Bit Axe
31:23 Gold Shaft Mining
31:24 Stone Shaft Mining
31:07 Bow Saw
36:04 Imperial Age
35:09 Forging
35:06 Scale Barding Armor
35:02 Scale Mail Armor
35:25 Fletching
36:11 Iron Casting
36:03 Hand Cart
36:48 Stirrups
38:07 Caravan
38:45 Chain Mail Armor
39:33 Chain Barding Armor
40:14 Blast Furnace
40:25 Conscription
40:56 Elite Konnik
41:54 Husbandry
42:07 Bloodlines
41:47 Arson
42:02 Squires
41:48 Gambesons
41:49 Capped Ram
43:07 Siege Ram
Minuro
12:46 Feudal Age
17:20 Double-Bit Axe
21:03 Castle Age
21:11 Horse Collar
22:18 Scale Mail Armor
22:18 Padded Archer Armor
26:06 Heavy Plow
26:28 Bow Saw
29:58 Leather Archer Armor
29:59 Forging
29:43 Loom
29:49 Town Watch
30:05 Fishing Lines
31:48 Gold Mining
31:52 Stone Mining
32:53 Wheelbarrow
32:15 Arson
33:51 Gold Shaft Mining
33:31 Gillnets
35:10 Hand Cart
39:07 Imperial Age
37:32 Town Patrol
38:15 Caravan
39:39 Scale Barding Armor
40:10 Iron Casting
Leeroy Jenkins 2012
5:17 Loom
16:42 Feudal Age
18:28 Town Watch
20:39 Horse Collar
24:04 Castle Age
22:34 Forging
22:23 Double-Bit Axe
25:31 Bow Saw
25:24 Heavy Plow
28:15 Stone Mining
32:27 Caravan
34:40 Gold Mining
35:36 Wheelbarrow
36:29 Ballistics
39:44 Imperial Age
37:34 Hand Cart
37:23 Town Patrol
39:42 Masonry
39:28 Murder Holes
39:44 Fortified Wall
39:25 Guard Tower
39:50 Pikeman
40:31 Squires
40:32 Scale Mail Armor
40:52 Gambesons
40:28 Man-at-Arms
40:53 Arson
41:21 Forging
41:27 Chain Mail Armor
41:18 Scale Barding Armor
41:14 Padded Archer Armor
41:05 Fletching
40:39 Halberdier
42:48 Chemistry
42:19 Architecture
42:25 Keep
41:36 Arrowslits
44:54 Iron Casting
44:50 Plate Mail Armor
44:42 Chain Barding Armor
44:37 Leather Archer Armor
44:18 Bodkin Arrow
47:45 Blast Furnace
47:20 Plate Barding Armor
46:46 Bracer
47:17 Ring Archer Armor
Connection lost

Rejoining the realm…

Still unreachable

The connection could not be restored.

Session expired

The server has moved on; the page needs a fresh start.